 Dungeon Crawl Stone Soup version 0.22-a0-362-g535178c (webtiles) character file.

53 Amnesiac the Grave Robber (level 3, -4/24 HPs)
             Began as a Mummy Necromancer on Apr 20, 2018.
             Slain by an ice beast (6 damage)
             ... on level 5 of the Dungeon.
             The game lasted 00:01:54 (1114 turns).

Amnesiac the Grave Robber (Mummy Necromancer)       Turns: 1114, Time: 00:01:55

Health: -4/24      AC:  2    Str: 11    XL:     3   Next: 64%
Magic:  4/7        EV: 12    Int: 15    God:
Gold:   44         SH:  0    Dex: 12    Spells: 4/8 levels left

rFire    x . .     SeeInvis .   b - +1 dagger (speed)
rCold    + . .     Gourm    .   (no shield)
rNeg     + + +     Faith    .   a - +0 robe
rPois    ∞         Spirit   .   (no helmet)
rElec    .         Reflect  .   (no cloak)
rCorr    .         Harm     .   (no gloves)
MR       .....                  (no boots)
Stlth    ++........             (no amulet)
HPRegen  0.08/turn              (no ring)
MPRegen  0.10/turn              (no ring)

@: no status effects
A: no food or potions, fire vulnerability, cold resistance 1, negative energy
resistance 3, torment resistance, unbreathing
a: no special abilities


You were on level 5 of the Dungeon.
You were not hungry.

You visited 1 branch of the dungeon, and saw 6 of its levels.

You collected 44 gold pieces.

Inventory:

Hand Weapons
 b - a +1 dagger of speed (weapon)
Armour
 a - a +0 robe (worn)
Jewellery
 c - a cursed -2 ring of dexterity {unknown}
Scrolls
 d - a scroll of random uselessness {!r, unknown}
 e - 2 scrolls of remove curse {!r, unknown}
 f - a scroll of blinking {!r, unknown}
 g - a scroll of immolation {!r, unknown}
 h - a scroll of identify {!r, unknown}
 i - a scroll of fear {!r, unknown}
 j - a scroll of enchant armour {!r, unknown}
 k - a scroll of teleportation {!r, unknown}


   Skills:
 - Level 1.5 Dodging
 - Level 1.5 Stealth
 - Level 3.0 Spellcasting
 + Level 5.3 Necromancy


You had 4 spell levels left.
You knew the following spells:

 Your Spells              Type           Power        Failure   Level  Hunger
a - Pain                  Necr           ###.         2%          1    N/A
d - Vampiric Draining     Necr           ###.......   7%          3    N/A

Dungeon Overview and Level Annotations

Branches:
Dungeon (6/15)
 Temple: D:4-7

Altars:
Dithmenos
Yredelemnul
The Shining One


Innate Abilities, Weirdness & Mutations

You do not eat or drink.
Your flesh is vulnerable to fire.
You are immune to poison.
Your flesh is cold resistant. (rC+)
You are immune to negative energy. (rN+++)
You are immune to unholy pain and torment.
You can survive without breathing.


Message History

You closely miss the leopard gecko skeleton.
The leopard gecko skeleton is severely damaged.
The leopard gecko skeleton closely misses you.
You hit the leopard gecko skeleton.
You destroy the leopard gecko skeleton!
You hit the worker ant zombie.
The worker ant zombie is lightly damaged.
You barely miss the worker ant zombie.
The worker ant zombie is lightly damaged.
The worker ant zombie barely misses you.
You hit the worker ant zombie but do no damage.
The worker ant zombie is lightly damaged.
You hit the worker ant zombie.
The worker ant zombie is moderately damaged.
The worker ant zombie bites you.
You hit the worker ant zombie but do no damage.
The worker ant zombie is moderately damaged.
The worker ant zombie bites you.
You hit the worker ant zombie.
The worker ant zombie is moderately damaged.
You completely miss the worker ant zombie.
The worker ant zombie is moderately damaged.
The worker ant zombie bites you.
* * * LOW HITPOINT WARNING * * *
You hit the worker ant zombie.
The worker ant zombie is heavily damaged.
The worker ant zombie closely misses you.
You hit the worker ant zombie.
The worker ant zombie is heavily damaged.
You hit the worker ant zombie.
The worker ant zombie is severely damaged.
The worker ant zombie barely misses you.
You hit the worker ant zombie.
The worker ant zombie is severely damaged.
The worker ant zombie barely misses you.
You hit the worker ant zombie but do no damage.
The worker ant zombie is severely damaged.
You hit the worker ant zombie.
The worker ant zombie is severely damaged.
The worker ant zombie bites you.
* * * LOW HITPOINT WARNING * * *
You hit the worker ant zombie.
The worker ant zombie is almost destroyed.
The worker ant zombie closely misses you.
You are too injured to fight recklessly!
You hit the worker ant zombie.
You destroy the worker ant zombie!
There is an open door here.
You hear the slow hiss of a very distant avalanche of sand.
An ice beast comes into view.
The ice beast hits you.
* * * LOW HITPOINT WARNING * * *
The ice beast freezes you. You resist.
* * * LOW HITPOINT WARNING * * *
Casting: Pain (safe; 2% risk of failure)
Confirm with . or Enter, or press ? or * to list all spells.
Aiming: Vampiric Draining (safe; 7% risk of failure)
Press: ? - help, Shift-Dir - straight line, f - ice beast
Aim: an ice beast The ice beast is moderately wounded.
You feel life coursing into your body. The ice beast hits you.
* * * LOW HITPOINT WARNING * * *
The ice beast freezes you. You resist.
You die...

................######
..........#####.#....#####
........#.#####.#.##.#...#
........'.......#..#.#...#
........#.#######.##.#...#
........#..........#.#...#
#######.#..######..#.#...#
#.#..# #..#.#...#
########.#@.######..#.#...#
..........Y...........>..†.
########.#.#.#####..#......
########.#.#.# #..##.####
.........#.#.# #..##.#
##########.#.. #..##.#
........# #..##.# #########
#..##.# #..##<#+##


You could see an ice beast.

Vanquished Creatures
  A worker ant zombie (D:5)
  An adder (D:2)
  2 dart slugs (D:2)
  A leopard gecko (D:5)
  A giant cockroach (D:2)
  2 goblins (D:2)
  2 hobgoblins (D:1)
  10 jackals
  A bat (D:2)
  2 frilled lizards (D:2)
  3 kobolds (D:1)
  A leopard gecko skeleton (D:5)
27 creatures vanquished.

Notes
Turn   | Place    | Note
-------+----------+-------------------------------------------
     0 | D:1      | Amnesiac the Mummy Necromancer began the quest for the Orb.
     0 | D:1      | Reached XP level 1. HP: 13/13 MP: 4/4
   466 | D:2      | Reached XP level 2. HP: 18/19 MP: 0/6
   635 | D:2      | Reached XP level 3. HP: 19/24 MP: 0/7
   709 | D:2      | Learned a level 3 spell: Vampiric Draining
   737 | D:2      | Reached skill level 5 in Necromancy
   927 | D:4      | Found a shadowy altar of Dithmenos.
   958 | D:4      | Found a glowing golden altar of the Shining One.
   961 | D:4      | Found a basalt altar of Yredelemnul.
   963 | D:4      | Noticed a profane servitor
   995 | D:5      | Entered Level 5 of the Dungeon
  1026 | D:6      | Noticed an orc warrior
  1108 | D:5      | Noticed an ice beast
  1114 | D:5      | Slain by an ice beast

Vault maps used:
D:1:      scummos_arrival_forest, minmay_tromino_mix6
D:2:      grunt_temple_overflow_open, lemuel_doored_altar, uniq_robin
D:3:      first_ration
D:4:      grunt_temple_overflow_holy_war, nicolae_overflow_hidden_temple,
          serial_shops, nicolae_shop_competitors_out_of_business
D:5:      ashenzari_conservatory_becter, enter_ossuary_1, uniq_prince_ribbit1,
          uniq_eustachio
D:6:      grunt_gozag_breadcrumbs

Skill      XL: |  1  2  3 |
---------------+----------+-----
Spellcasting   | 3 |  3.0
Necromancy     | 5 |  5.3
Dodging        | |  1.5
Stealth        | |  1.5

Action                   || total
-------------------------++-------
Melee: Dagger            ||    35
 Cast: Pain              ||    45
       Vampiric Draining ||     1
 Stab: Sleeping          ||     1
Armor: Robe              ||     3
Dodge: Dodged            ||    32

Table legend:
 A = Spawn XP
 B = Non-spawn XP
 C = Spawn XP percentage of total XP
 D = Spawn monster count
 E = Non-spawn monster count
 F = Spawn count percentage of total count
 G = Total turns spent on level
                    A         B        C        D         E        F      G
               +---------+---------+-------+---------+---------+-------+---------
         Total |       0 |      77 |   0.0 |       0 |      27 |   0.0 |  1114
               +---------+---------+-------+---------+---------+-------+---------
           D:1 |       0 |      11 |   0.0 |       0 |       7 |   0.0 |   300
           D:2 |       0 |      46 |   0.0 |       0 |      17 |   0.0 |   558
           D:5 |       0 |      20 |   0.0 |       0 |       3 |   0.0 |   105
               +---------+---------+-------+---------+---------+-------+---------
